 Dungeon Crawl Stone Soup version 0.25-a0-420-g1cc7eeb0d1 (webtiles) character file.

Game seed: 4156130941306039265, levelgen mode: deterministic

8874 Flubbersnuff the Cleaver (level 11, -8/99 HPs)
             Began as a Minotaur Berserker on Jan 19, 2020.
             Was an Elder of Trog.
             Killed from afar by an electric eel (12 damage)
             ... with a bolt of electricity
             ... on level 9 of the Dungeon.
             The game lasted 00:30:55 (11411 turns).

Flubbersnuff the Cleaver (Minotaur Berserker)      Turns: 11411, Time: 00:30:56

Health: -8/99      AC: 15    Str: 25    XL:     11   Next: 15%
Magic:  10/10      EV: 27    Int:  4    God:    Trog [****..]
Gold:   303        SH:  0    Dex: 10    Spells: 10/10 levels left

rFire    + . .     SeeInvis .   a - +1 hand axe
rCold    + . .     Gourm    .   (no shield)
rNeg     . . .     Faith    .   l - +0 chain mail
rPois    .         Spirit   .   (helmet restricted)
rElec    .         Reflect  .   f - scarf {rC+ rF+}
rCorr    .         Harm     .   C - +1 pair of gloves
MR       .....                  t - +0 pair of boots
Stlth    ..........             u - amulet of the acrobat
HPRegen  0.26/turn              (no ring)
MPRegen  0.12/turn              (no ring)

@: berserk cooldown, acrobat, slowed, very slow
A: retaliatory headbutt, horns 2
a: Berserk, Trog's Hand, Brothers in Arms, Renounce Religion


You were on level 9 of the Dungeon.
You worshipped Trog.
Trog was greatly pleased with you.
You were very hungry.

You visited 2 branches of the dungeon, and saw 10 of its levels.

You collected 378 gold pieces.
You spent 75 gold pieces at shops.

Inventory:

Hand Weapons
 a - a +1 hand axe (weapon)
 E - a +0 battleaxe
Armour
 f - a scarf of resistance (worn)
 l - a +0 chain mail (worn)
 t - a +0 pair of boots (worn)
 C - a +1 pair of gloves (worn)
Jewellery
 d - the amulet of Jenoawuo {+Rage rF+, unknown}
   (You found it on level 4 of the Dungeon)

   [amulet of rage]

   It protects you from fire.
   It lets you go berserk.
 e - an uncursed ring of fire {unknown}
 u - an amulet of the acrobat (around neck)
Wands
 D - a wand of paralysis (8)
Scrolls
 i - 2 scrolls of remove curse
 j - a scroll of enchant armour
 n - 2 scrolls of fog
 v - 7 scrolls of identify
Potions
 b - a potion of flight {unknown}
 g - 2 potions of agility
 k - a potion of degeneration {unknown}
 p - 2 potions of lignification
 q - a potion of berserk rage {unknown}
 s - a potion of ambrosia {unknown}
 w - a potion of cancellation {unknown}
 z - a potion of invisibility {unknown}
 A - 3 potions of heal wounds
Comestibles
 c - 15 rations


   Skills:
 + Level 10.0 Fighting
 * Level 13.2 Axes
 + Level 9.6 Armour
 + Level 8.9 Dodging


You had 10 spell levels left.
You didn't know any spells.
Your spell library was empty.

Dungeon Overview and Level Annotations

Branches:
Dungeon (9/15)             Temple (1/1) D:7
   Lair: D:8-11         Orc: D:9-12

Altars:
Ashenzari
Cheibriados
Dithmenos
Elyvilon
Fedhas
Gozag
Hepliaklqana
Kikubaaqudgha
Makhleb
Nemelex Xobeh
Okawaru
Qazlal
Ru
Sif Muna
Trog
Uskayaw
Vehumet
Wu Jian
Xom
Yredelemnul
Zin
The Shining One

Shops:
D:8 !


Innate Abilities, Weirdness & Mutations

You reflexively headbutt those who attack you in melee.
You have a pair of horns on your head.


Message History

Your chain mail prevents you from hitting the electric eel.
The electric eel is heavily wounded.
You barely miss the yak. You slash the electric eel!
The electric eel shoots out a bolt of lightning at you!
The bolt of electricity hits you!
* * * LOW HITPOINT WARNING * * *
The yak closely misses you. You furiously retaliate!
You headbutt the yak.
The electric eel shoots out a bolt of lightning at you!
The bolt of electricity hits you.
* * * LOW HITPOINT WARNING * * *
The electric eel shoots out a bolt of lightning at you!
The bolt of electricity hits you!
* * * LOW HITPOINT WARNING * * *
The yak completely misses you. You furiously retaliate!
You headbutt the yak.
The electric eel shoots out a bolt of lightning at you!
The bolt of electricity hits you.
* * * LOW HITPOINT WARNING * * *
The electric eel shoots out a bolt of lightning at you!
The bolt of electricity hits you!
You die...

#..#####.#.......#####.#
............###..# #.#
#........#..# #..# #.#
##.########.###[.# #.######.
#.# #...))>#####........
#...# ######.).....#######
#.#.# ######).##.#.## ......
............... ... ...
[.....[@.........
........$.....T...........#
..W.. .........Y......?...#
.≈;≈≈≈≈≈≈≈≈≈.≈≈≈;;;≈≈≈≈≈≈≈≈≈
≈≈≈.≈#####≈≈≈≈≈;≈≈≈ ##≈.≈
≈≈≈≈≈ .'... ≈≈≈≈≈ .#;. ≈≈≈≈
#≈ ≈≈≈


You could see a yak, a troll and 4 electric eels.

Vanquished Creatures
  2 two-headed ogres
  2 deep trolls (D:9)
  8 trolls
  Prince Ribbit (D:8)
  5 yaks (D:9)
  A hungry ghost (D:9)
  A steam dragon (D:8)
  Edmund (D:6)
  An orc warrior (D:6)
  A phantom (D:7)
  3 sky beasts
  A necrophage (D:8)
  7 ogres
  3 centaurs
  A crocodile (D:8)
  2 gnoll sergeants
  2 bullfrogs
  4 scorpions
  3 wights (D:7)
  2 electric eels (D:6)
  8 howler monkeys
  2 crimson imps
  4 hounds
  A bullfrog skeleton (D:6)
  5 jellies
  A quasit (D:7)
  4 orc priests
  A centaur skeleton (D:9)
  3 orc wizards
  6 worker ants
  A hound zombie (D:6)
  A worker ant zombie (D:7)
  9 gnolls
  A howler monkey skeleton (D:4)
  9 adders
  A shadow imp (D:5)
  2 oozes
  3 adder skeletons
  5 worms
  12 dart slugs
  4 leopard geckos
  11 orcs
  A giant cockroach (D:7)
  5 hobgoblins
  5 jackals (D:2)
  14 kobolds
  2 quokkas
  5 ball pythons
  6 bats
  4 frilled lizards
  A giant cockroach zombie (D:5)
  6 goblins
  A leopard gecko skeleton (D:5)
  A quokka skeleton (D:4)
  4 rats
200 creatures vanquished.

Vanquished Creatures (others)
  A gnoll (D:9)
  A dart slug (D:6)
2 creatures vanquished.

Grand Total: 202 creatures vanquished

Notes
Turn   | Place    | Note
-------+----------+-------------------------------------------
     0 | D:1      | Flubbersnuff the Minotaur Berserker began the quest for the
                  | Orb.
     0 | D:1      | Reached XP level 1. HP: 19/19 MP: 0/0
   331 | D:1      | Reached XP level 2. HP: 25/27 MP: 1/1
   339 | D:1      | Reached skill level 4 in Axes
   696 | D:1      | Reached ** piety under Trog
   928 | D:1      | You fall into a shaft and drop 1 floor!
  1124 | D:1      | Reached XP level 3. HP: 33/33 MP: 2/2
  1395 | D:2      | Reached XP level 4. HP: 35/40 MP: 3/3
  1605 | D:2      | Found an opulent altar of Gozag.
  1842 | D:3      | Noticed a centaur
  1851 | D:3      | Killed a centaur
  1851 | D:3      | Reached skill level 5 in Axes
  1851 | D:3      | Reached XP level 5. HP: 25/47 MP: 4/4
  2870 | D:4      | Reached *** piety under Trog
  2888 | D:4      | Got a coiled sapphire amulet
  2959 | D:4      | Reached skill level 6 in Axes
  2959 | D:4      | Reached XP level 6. HP: 28/55 MP: 5/5
  3205 | D:4      | Reached skill level 5 in Fighting
  3679 | D:4      | Reached XP level 7. HP: 47/61 MP: 6/6
  3717 | D:4      | Found a glowing golden altar of the Shining One.
  3717 | D:4      | Found a glowing silver altar of Zin.
  3718 | D:4      | Found a white marble altar of Elyvilon.
  3815 | D:4      | Found a blossoming altar of Fedhas.
  3822 | D:4      | Found an ancient bone altar of Kikubaaqudgha.
  4012 | D:5      | Entered Level 5 of the Dungeon
  4097 | D:5      | Reached skill level 7 in Axes
  4166 | D:5      | Found a shimmering altar of Xom.
  4387 | D:5      | Reached skill level 5 in Armour
  4407 | D:5      | Found a shattered altar of Ashenzari.
  4737 | D:6      | Reached **** piety under Trog
  4799 | D:6      | Found a shimmering altar of Xom.
  4799 | D:6      | Found a shimmering altar of Xom.
  4800 | D:6      | Found a shimmering altar of Xom.
  4801 | D:6      | Found a shimmering altar of Xom.
  4801 | D:6      | Found a shimmering altar of Xom.
  4809 | D:6      | Found a shimmering altar of Xom.
  4810 | D:6      | Found a shimmering altar of Xom.
  4893 | D:6      | Found a sparkling altar of Nemelex Xobeh.
  5058 | D:6      | Reached XP level 8. HP: 50/70 MP: 7/7
  5062 | D:6      | Reached skill level 8 in Axes
  5062 | D:6      | Reached skill level 5 in Dodging
  5218 | D:6      | HP: 2/70 [electric eel/bolt of electricity (14)]
  6483 | D:6      | Noticed Edmund
  6505 | D:6      | Killed Edmund
  6936 | D:6      | Found an ornate altar of the Wu Jian Council.
  6982 | D:7      | Reached skill level 9 in Axes
  7018 | D:7      | Noticed a two-headed ogre
  7035 | D:7      | Killed a two-headed ogre
  7035 | D:7      | Reached skill level 10 in Axes
  7035 | D:7      | Reached XP level 9. HP: 60/80 MP: 8/8
  7417 | D:7      | Found a staircase to the Ecumenical Temple.
  7817 | Temple   | Entered the Ecumenical Temple
  8163 | D:8      | Noticed Prince Ribbit
  8190 | D:8      | Killed Prince Ribbit
  8488 | D:8      | Found Sulud's Distillery.
  8490 | D:8      | Bought a potion of heal wounds for 75 gold pieces
  8613 | D:8      | Reached skill level 11 in Axes
  8868 | D:8      | Noticed a troll
  8884 | D:8      | Killed a troll
  8884 | D:8      | Reached XP level 10. HP: 42/90 MP: 9/9
  9325 | D:8      | Noticed a two-headed ogre
  9342 | D:8      | Killed a two-headed ogre
  9690 | D:9      | Reached ***** piety under Trog
  9690 | D:9      | Received a gift from Trog
  9790 | D:9      | Reached skill level 12 in Axes
 10179 | D:9      | Noticed a deep troll
 10198 | D:9      | Killed a deep troll
 10476 | D:9      | Noticed a deep troll
 10485 | D:9      | Killed a deep troll
 10568 | D:9      | Reached XP level 11. HP: 68/99 MP: 10/10
 10777 | D:9      | Reached skill level 13 in Axes
 10945 | D:9      | Reached skill level 10 in Fighting
 11410 | D:9      | HP: 3/99 [electric eel/bolt of electricity (4)]
 11411 | D:9      | Killed from afar by an electric eel

Levels and vault maps discovered:
D:1:      dpeg_arrival_rhombi, layout_basic
D:2:      wander_river, layout_rooms, grunt_gozag_statues, first_ration,
          lemuel_another_geyser
D:3:      layout_basic
D:4:      layout_basic, grunt_temple_overflow_growth_and_decay,
          good_gods_temple_1
D:5:      layout_basic, overflow_temple_1_default, kennysheep_mini
D:6:      kennysheep_slugbush, layout_loops_ring, lemuel_coloured_pillars_altar,
          lemuel_crystal_altar, xom_redecorated, uniq_edmund
D:7:      layout_cave_pools, minmay_temple_entry_wispy
D:8:      layout_loops_cross, serial_shops, nicolae_shop_trees,
          uniq_prince_ribbit1
D:9:      lemuel_troll_bridge, layout_loops_ring, serial_shops, shop_fountains
Temple:   minmay_temple_bridge_abc

Skill      XL: |  1  2  3  4  5  6  7  8  9 10 11 |
---------------+----------------------------------+-----
Axes           | 4 5 6 7 10 11 12 13 | 13.2
Fighting       | 4 5 6 7 8 9 10 | 10.0
Armour         | 3 4 5 7 8 9 |  9.6
Dodging        | 3 4 6 7 8 |  8.9

Action                   |  1- 3 |  4- 6 |  7- 9 | 10-12 || total
-------------------------+-------+-------+-------+-------++-------
Melee: Hand axe          |    77 |   117 |   348 |   217 ||   759
       Headbutt          |     8 |    26 |    79 |    48 ||   161
Invok: Berserk           |     1 |     1 |     4 |     5 ||    11
  Use: Scroll            |       |     6 |    11 |     1 ||    18
       Potion            |       |       |       |     1 ||     1
 Stab: Sleeping          |     1 |       |       |       ||     1
  Eat: Chunk             |     2 |     8 |    17 |     9 ||    36
       Ration            |       |       |     1 |     1 ||     2
Armor: Animal skin       |     5 |       |       |       ||     5
       Scale mail        |    16 |       |       |       ||    16
       Chain mail        |       |    55 |   121 |    80 ||   256
Dodge: Dodged            |    50 |    52 |   181 |   142 ||   425

Table legend:
 A = Non-vault XP
 B = Vault XP
 C = Vault XP percentage of total XP
 D = Non-vault monster count
 E = Vault monster count
 F = Vault count percentage of total count
                 A         B        C        D         E       F
            +---------+---------+-------+---------+---------+-------
      Total |    8356 |    4322 |  34.1 |     182 |      19 |   9.5
            +---------+---------+-------+---------+---------+-------
        D:1 |      44 |       0 |   0.0 |      24 |       0 |   0.0
        D:2 |      96 |       0 |   0.0 |      24 |       0 |   0.0
        D:3 |     178 |       0 |   0.0 |      16 |       0 |   0.0
        D:4 |     480 |       0 |   0.0 |      19 |       0 |   0.0
        D:5 |     432 |       0 |   0.0 |      18 |       0 |   0.0
        D:6 |     743 |     192 |  20.5 |      17 |       8 |  32.0
        D:7 |    1928 |       0 |   0.0 |      23 |       0 |   0.0
        D:8 |    2436 |     283 |  10.4 |      20 |       1 |   4.8
        D:9 |    2019 |    3847 |  65.6 |      21 |      10 |  32.3
            +---------+---------+-------+---------+---------+-------
